[ AOE2 MATCH · #504616072 ]
UnrankedBulgarians vs Spanish
Rival team · LOSS
[ REPLAY ANALYSIS · EXTRACTED FROM THE RECORDED GAME ]
Feudal
9:15
Castle
22:16
Imperial
—
| APM avg | 43.4 |
| APM peak | 85 |
| eAPM avg | 20.5 |
| Villagers / military | 95 / 114 |
Focus
⚔️ 34.8% · 🌾 65.2%
Konnik ×47 · Skirmisher ×27 · Knight ×15 · Militia ×11 · Monk ×5 · Spearman ×5
Feudal
8:26
Castle
25:29
Imperial
—
| APM avg | 51.4 |
| APM peak | 114 |
| eAPM avg | 27.2 |
| Villagers / military | 168 / 59 |
Focus
⚔️ 25.6% · 🌾 74.4%
Knight ×25 · Skirmisher ×19 · Missionary ×9 · Conquistador ×3 · Scout Cavalry ×3
Match map
Initial resources + every placement click. Lines = walls · curves = elevation contours. ◆ gold · ⬟ stone · ● berries · ✦ relic · ◌ wall gap
Your base· Open — 1t gap
BB3097790's base· Open — 4t gap
Smoothed initial terrain · ◌ = detected wall gap · hover for details
Inputs per minute
— (***AlBy_Bkr***) - - BB3097790
Build order — (***AlBy_Bkr***)
First 150 of 341 actions detected
| 0:00 | Create | Villager (Male) |
| 0:00 | Create | Villager (Male) |
| 0:01 | Create | Villager (Male) |
| 0:01 | Create | Villager (Male) |
| 0:02 | Build | House |
| 0:04 | Build | House |
| 1:25 | Create | Villager (Male) |
| 1:25 | Create | Villager (Male) |
| 1:56 | Create | Villager (Male) |
| 1:56 | Create | Villager (Male) |
| 1:56 | Create | Villager (Male) |
| 2:26 | Create | Villager (Male) |
| 2:50 | Create | Villager (Male) |
| 2:50 | Create | Villager (Male) |
| 3:00 | Build | Lumber Camp |
| 3:09 | Create | Villager (Male) |
| 3:29 | Create | Villager (Male) |
| 3:33 | Build | House |
| 3:53 | Create | Villager (Male) |
| 3:53 | Create | Villager (Male) |
| 4:13 | Create | Villager (Male) |
| 4:13 | Create | Villager (Male) |
| 4:34 | Create | Villager (Male) |
| 4:48 | Create | Villager (Male) |
| 5:33 | Create | Villager (Male) |
| 5:35 | Research | Loom |
| 5:36 | Research | Loom |
| 6:01 | Build | Barracks |
| 6:20 | Build | House |
| 7:04 | Research | Feudal Age |
| 7:04 | Research | Feudal Age |
| 7:05 | Create | Militia |
| 7:14 | Create | Militia |
| 7:17 | Build | Mining Camp |
| 7:55 | Create | Militia |
| 7:59 | Build | Palisade Wall |
| 8:25 | Create | Militia |
| 8:35 | Create | Villager (Male) |
| 9:09 | Create | Villager (Male) |
| 9:11 | Build | House |
| 9:15 | Age | Feudal Age |
| 9:17 | Build | Archery Range |
| 9:33 | Research | Arson |
| 9:37 | Create | Villager (Male) |
| 9:42 | Build | Blacksmith |
| 9:54 | Build | House |
| 10:12 | Create | Archer |
| 10:14 | Create | Villager (Male) |
| 10:31 | Research | Fletching |
| 10:31 | Research | Fletching |
| 10:35 | Build | House |
| 10:42 | Create | Villager (Male) |
| 10:54 | Create | Skirmisher |
| 11:07 | Build | Mill |
| 11:13 | Create | Archer |
| 11:24 | Build | Watch Tower |
| 11:47 | Research | Scale Mail Armor |
| 11:50 | Create | Archer |
| 11:53 | Create | Villager (Male) |
| 11:54 | Build | Farm |
| 11:55 | Build | Farm |
| 11:58 | Build | Farm |
| 12:13 | Create | Villager (Male) |
| 12:15 | Build | Farm |
| 12:22 | Create | Archer |
| 12:30 | Build | Palisade Wall |
| 12:48 | Build | Watch Tower |
| 12:51 | Create | Spearman |
| 12:54 | Build | Palisade Wall |
| 13:02 | Create | Skirmisher |
| 13:04 | Research | Forging |
| 13:05 | Research | Forging |
| 13:11 | Build | Palisade Wall |
| 13:22 | Create | Skirmisher |
| 13:27 | Create | Villager (Male) |
| 13:36 | Build | Palisade Wall |
| 13:41 | Research | Padded Archer Armor |
| 13:41 | Create | Villager (Male) |
| 14:19 | Build | Palisade Wall |
| 14:19 | Build | Palisade Wall |
| 14:19 | Build | Palisade Wall |
| 14:28 | Create | Villager (Male) |
| 14:34 | Build | House |
| 15:01 | Create | Villager (Male) |
| 15:02 | Create | Skirmisher |
| 15:05 | Build | Farm |
| 15:08 | Build | Farm |
| 15:10 | Build | Farm |
| 15:21 | Build | Palisade Wall |
| 15:24 | Build | Farm |
| 15:33 | Create | Skirmisher |
| 15:49 | Create | Skirmisher |
| 16:16 | Build | House |
| 16:28 | Create | Skirmisher |
| 16:34 | Create | Villager (Male) |
| 16:36 | Build | Farm |
| 16:37 | Build | House |
| 16:39 | Build | Palisade Wall |
| 16:48 | Build | Farm |
| 16:48 | Build | Farm |
| 17:11 | Create | Skirmisher |
| 17:36 | Create | Villager (Male) |
| 17:36 | Create | Villager (Male) |
| 17:38 | Build | Farm |
| 17:38 | Build | Farm |
| 18:14 | Create | Villager (Male) |
| 18:15 | Build | Farm |
| 18:16 | Build | Farm |
| 18:25 | Build | Palisade Wall |
| 19:36 | Research | Castle Age |
| 19:36 | Research | Castle Age |
| 20:03 | Build | Market |
| 21:00 | Build | Market |
| 21:10 | Build | Palisade Wall |
| 21:13 | Create | Militia |
| 21:13 | Create | Militia |
| 21:16 | Build | Palisade Wall |
| 21:27 | Create | Skirmisher |
| 21:27 | Create | Skirmisher |
| 21:29 | Research | Scale Barding Armor |
| 21:30 | Research | Scale Barding Armor |
| 21:31 | Create | Villager (Male) |
| 21:37 | Create | Villager (Male) |
| 21:48 | Create | Skirmisher |
| 21:55 | Create | Militia |
| 21:55 | Create | Militia |
| 22:02 | Create | Villager (Male) |
| 22:08 | Build | Palisade Gate |
| 22:16 | Age | Castle Age |
| 22:19 | Create | Militia |
| 22:21 | Research | Bodkin Arrow |
| 22:21 | Research | Bodkin Arrow |
| 22:23 | Create | Villager (Male) |
| 22:45 | Create | Villager (Male) |
| 22:53 | Build | Palisade Wall |
| 22:57 | Create | Militia |
| 22:57 | Create | Militia |
| 23:08 | Research | Elite Skirmisher (upgrade) |
| 23:08 | Research | Elite Skirmisher (upgrade) |
| 23:34 | Create | Villager (Male) |
| 23:48 | Research | Iron Casting |
| 23:48 | Research | Iron Casting |
| 23:55 | Research | Double-Bit Axe |
| 23:56 | Research | Double-Bit Axe |
| 24:27 | Create | Villager (Male) |
| 24:29 | Build | Stable |
| 24:30 | Build | Farm |
| 25:21 | Create | Villager (Male) |
| 25:22 | Create | Knight ×3 |
| 25:58 | Research | Wheelbarrow |
Build order — BB3097790
First 150 of 378 actions detected
| 0:00 | Create | Villager (Male) |
| 0:02 | Build | House |
| 0:04 | Build | House |
| 0:18 | Create | Villager (Male) |
| 0:18 | Create | Villager (Male) |
| 0:18 | Create | Villager (Male) |
| 0:19 | Create | Villager (Male) |
| 1:25 | Create | Villager (Male) |
| 1:52 | Create | Villager (Male) |
| 1:52 | Create | Villager (Male) |
| 2:13 | Build | Lumber Camp |
| 2:27 | Create | Villager (Male) |
| 2:46 | Create | Villager (Male) |
| 2:46 | Create | Villager (Male) |
| 3:17 | Create | Villager (Male) |
| 3:17 | Create | Villager (Male) |
| 3:39 | Create | Villager (Male) |
| 3:39 | Create | Villager (Male) |
| 3:39 | Create | Villager (Male) |
| 3:49 | Build | House |
| 3:50 | Build | House |
| 4:19 | Create | Villager (Male) |
| 4:20 | Create | Villager (Male) |
| 4:40 | Create | Villager (Male) |
| 4:40 | Create | Villager (Male) |
| 5:09 | Build | Mill |
| 5:15 | Create | Villager (Male) |
| 5:16 | Research | Loom |
| 6:14 | Research | Feudal Age |
| 6:14 | Research | Feudal Age |
| 7:36 | Build | Barracks |
| 8:01 | Create | Villager (Male) |
| 8:26 | Age | Feudal Age |
| 8:33 | Build | Stable |
| 8:39 | Create | Villager (Male) |
| 9:02 | Create | Villager (Male) |
| 9:07 | Build | House |
| 9:13 | Create | Villager (Male) |
| 9:14 | Create | Scout Cavalry |
| 9:14 | Create | Scout Cavalry |
| 9:16 | Build | Palisade Wall |
| 9:17 | Build | Palisade Wall |
| 9:28 | Build | House |
| 9:32 | Build | Farm |
| 9:32 | Create | Villager (Male) |
| 9:48 | Create | Scout Cavalry |
| 9:55 | Build | House |
| 10:08 | Build | Archery Range |
| 10:16 | Build | House |
| 10:24 | Research | Double-Bit Axe |
| 10:24 | Research | Double-Bit Axe |
| 10:29 | Create | Villager (Male) |
| 10:50 | Create | Skirmisher |
| 10:59 | Create | Skirmisher |
| 11:07 | Create | Villager (Male) |
| 11:16 | Build | Watch Tower |
| 11:52 | Create | Skirmisher |
| 12:00 | Create | Skirmisher |
| 12:05 | Create | Skirmisher |
| 12:13 | Create | Villager (Male) |
| 12:22 | Build | House |
| 12:41 | Create | Villager (Male) |
| 12:47 | Create | Villager (Male) |
| 12:48 | Build | Farm |
| 12:49 | Create | Skirmisher |
| 12:57 | Build | Farm |
| 13:00 | Build | Farm |
| 13:09 | Build | House |
| 13:13 | Create | Villager (Male) |
| 13:15 | Build | Farm |
| 13:34 | Create | Villager (Male) |
| 13:39 | Build | House |
| 13:40 | Build | Palisade Wall |
| 13:41 | Build | Palisade Wall |
| 13:41 | Build | Palisade Wall |
| 14:03 | Create | Villager (Male) |
| 14:07 | Create | Skirmisher |
| 14:28 | Build | Farm |
| 14:29 | Build | Farm |
| 14:36 | Build | House |
| 14:37 | Create | Skirmisher |
| 14:50 | Create | Villager (Male) |
| 14:54 | Build | Farm |
| 14:55 | Build | Farm |
| 14:58 | Build | Blacksmith |
| 15:00 | Create | Skirmisher |
| 15:02 | Create | Villager (Male) |
| 15:28 | Create | Skirmisher |
| 15:30 | Create | Villager (Male) |
| 15:33 | Build | Farm |
| 15:37 | Build | House |
| 15:51 | Create | Villager (Male) |
| 15:54 | Build | Farm |
| 16:04 | Create | Villager (Male) |
| 16:09 | Build | House |
| 16:19 | Create | Villager (Male) |
| 16:22 | Research | Fletching |
| 16:26 | Build | Farm |
| 16:35 | Create | Villager (Male) |
| 16:37 | Build | House |
| 16:38 | Build | House |
| 16:47 | Build | Farm |
| 16:48 | Create | Villager (Male) |
| 16:55 | Build | Farm |
| 17:03 | Create | Skirmisher |
| 17:09 | Create | Villager (Male) |
| 17:13 | Create | Villager (Male) |
| 17:28 | Build | Lumber Camp |
| 17:32 | Create | Villager (Male) |
| 17:46 | Build | House |
| 17:50 | Create | Skirmisher |
| 18:06 | Create | Skirmisher |
| 18:16 | Research | Padded Archer Armor |
| 18:21 | Build | House |
| 18:24 | Build | Palisade Wall |
| 18:27 | Build | Mill |
| 18:38 | Build | Farm |
| 18:40 | Build | Farm |
| 18:41 | Create | Villager (Male) |
| 18:42 | Create | Skirmisher |
| 19:10 | Create | Skirmisher |
| 19:12 | Create | Villager (Male) |
| 19:32 | Create | Skirmisher |
| 19:54 | Create | Villager (Male) |
| 19:54 | Create | Villager (Male) |
| 19:59 | Build | Market |
| 20:03 | Create | Skirmisher |
| 20:20 | Build | Mining Camp |
| 20:29 | Create | Skirmisher |
| 20:39 | Build | Farm |
| 20:41 | Build | Farm |
| 20:49 | Create | Skirmisher |
| 21:08 | Create | Villager (Male) |
| 21:10 | Build | Farm |
| 21:12 | Build | House |
| 21:14 | Build | House |
| 21:16 | Build | Palisade Wall |
| 21:23 | Build | Farm |
| 21:27 | Create | Villager (Male) |
| 21:29 | Research | Horse Collar |
| 21:53 | Build | Farm |
| 21:55 | Create | Villager (Male) |
| 22:03 | Build | Palisade Wall |
| 22:10 | Create | Villager (Male) |
| 22:13 | Build | Palisade Wall |
| 22:19 | Build | House |
| 22:20 | Build | House |
| 22:28 | Build | Farm |
| 22:43 | Build | Farm |
| 22:49 | Research | Castle Age |
Match timeline
| 6:01 | (***AlBy_Bkr***) · first_building Barracks |
| 7:36 | BB3097790 · first_building Barracks |
| 7:59 | (***AlBy_Bkr***) · wall_segment Palisade Wall x1 |
| 8:26 | BB3097790 · age_up feudal |
| 8:33 | BB3097790 · first_building Stable |
| 9:15 | (***AlBy_Bkr***) · age_up feudal |
| 9:16 | BB3097790 · wall_segment Palisade Wall x1 |
| 9:17 | (***AlBy_Bkr***) · first_building Archery Range |
| 9:17 | BB3097790 · wall_segment Palisade Wall x1 |
| 10:08 | BB3097790 · first_building Archery Range |
| 12:30 | (***AlBy_Bkr***) · wall_segment Palisade Wall x7 |
| 12:54 | (***AlBy_Bkr***) · wall_segment Palisade Wall x5 |
| 13:11 | (***AlBy_Bkr***) · wall_segment Palisade Wall x5 |
| 13:36 | (***AlBy_Bkr***) · wall_segment Palisade Wall x8 |
| 13:40 | BB3097790 · wall_segment Palisade Wall x1 |
| 13:41 | BB3097790 · wall_segment Palisade Wall x1 |
| 13:41 | BB3097790 · wall_segment Palisade Wall x1 |
| 14:19 | (***AlBy_Bkr***) · wall_segment Palisade Wall x1 |
| 14:19 | (***AlBy_Bkr***) · wall_segment Palisade Wall x1 |
| 14:19 | (***AlBy_Bkr***) · wall_segment Palisade Wall x1 |
| 15:21 | (***AlBy_Bkr***) · wall_segment Palisade Wall x1 |
| 16:39 | (***AlBy_Bkr***) · wall_segment Palisade Wall x1 |
| 18:24 | BB3097790 · wall_segment Palisade Wall x1 |
| 18:25 | (***AlBy_Bkr***) · wall_segment Palisade Wall x1 |
| 21:10 | (***AlBy_Bkr***) · wall_segment Palisade Wall x11 |
| 21:16 | BB3097790 · wall_segment Palisade Wall x1 |
| 21:16 | (***AlBy_Bkr***) · wall_segment Palisade Wall x1 |
| 22:03 | BB3097790 · wall_segment Palisade Wall x9 |
| 22:13 | BB3097790 · wall_segment Palisade Wall x4 |
| 22:16 | (***AlBy_Bkr***) · age_up castle |
| 22:53 | (***AlBy_Bkr***) · wall_segment Palisade Wall x1 |
| 24:29 | (***AlBy_Bkr***) · first_building Stable |
| 25:29 | BB3097790 · age_up castle |
| 26:07 | (***AlBy_Bkr***) · wall_segment Palisade Wall x2 |
| 26:08 | (***AlBy_Bkr***) · wall_segment Palisade Wall x4 |
| 26:54 | BB3097790 · first_market_buy 100 stone |
| 27:46 | BB3097790 · first_building Monastery |
| 28:24 | BB3097790 · first_market_sell 100 wood |
| 29:40 | (***AlBy_Bkr***) · wall_segment Palisade Wall x1 |
| 30:55 | (***AlBy_Bkr***) · first_market_sell 100 stone |
| 30:56 | (***AlBy_Bkr***) · first_market_buy 100 food |
| 31:40 | BB3097790 · wall_segment Palisade Wall x7 |
| 31:43 | (***AlBy_Bkr***) · first_building Krepost |
| 34:21 | (***AlBy_Bkr***) · wall_segment Palisade Wall x1 |
| 35:54 | BB3097790 · wall_segment Palisade Wall x1 |
| 35:55 | BB3097790 · wall_segment Palisade Wall x1 |
| 35:59 | BB3097790 · wall_segment Palisade Wall x2 |
| 37:23 | (***AlBy_Bkr***) · first_building Monastery |
| 37:36 | BB3097790 · first_building Castle |
| 39:19 | (***AlBy_Bkr***) · wall_segment Palisade Wall x1 |
| 39:21 | (***AlBy_Bkr***) · wall_segment Palisade Wall x6 |
| 45:12 | (***AlBy_Bkr***) · first_building Castle |
| 45:33 | BB3097790 · resign |
[ AI ANALYSIS · 1 CREDIT ]
What really happened in this match?
Wolo.gg analyzes every decision: build order, eco, micro, common mistakes by bracket. Personalized analysis on WhatsApp or Discord in 30 seconds.
Civ guide
Bulgarians
Perfil
Jugador #1444796